 Dungeon Crawl Stone Soup version 0.31.0-32-g396128a36d (webtiles) character file.

Game seed: 16147838351093365745

337 DemonSlayer the Digger (level 6, 0/42 HPs)
             Began as a Demonspawn Earth Elementalist on Apr 21, 2024.
             Succumbed to a scorpion's poison
             ... on level 5 of the Dungeon.
             The game lasted 00:06:38 (2486 turns).

DemonSlayer the Digger (DsEE)                       Turns: 2486, Time: 00:06:38

Health: 0/42       AC:  4    Str:  9    XL:     6   Next: 28%
Magic:  9/12       EV: 17    Int: 15    God:
Gold:   182        SH:  6    Dex: 15    Spells: 6/13 levels left

rFire   . . .        c - +0 dagger
rCold   . . .        k - +2 buckler {rPois}
rNeg    . . .        a - +0 robe
rPois   +            l - +0 hat
rElec   .            f - +1 cloak
rCorr   .            (no gloves)
SInv    .            (no boots)
Will    +....        (no amulet)
Stlth   +            (no ring)
HPRegen 0.27/turn    (no ring)
MPRegen 0.13/turn

%: no passive effects
@: agile, lethally poisoned (0 -> -1), silenced
A: claws 2, powered by pain 2, strong-willed 1, MP-powered wands
a: no special abilities


You were on level 5 of the Dungeon.
You visited 1 branch of the dungeon, and saw 5 of its levels.

You collected 182 gold pieces.

Inventory:

Hand Weapons
 c - a +0 dagger (weapon)
Armour
 a - a +0 robe (worn)
 f - a +1 cloak (worn)
 k - a +2 buckler of poison resistance (worn)
 l - a +0 hat (worn)
Scrolls
 b - a scroll of acquirement {unknown}
 d - a scroll of amnesia {unknown}
 e - a scroll of enchant armour {unknown}


   Skills:
 + Level 0.5 Fighting
 + Level 0.3 Short Blades
 + Level 2.6 Dodging
 + Level 2.2 Stealth
 + Level 0.7 Shields
 + Level 4.2 Spellcasting
 + Level 1.0 Conjurations
 + Level 4.2 Earth Magic


You had 6 spell levels left.
You knew the following spells:

 Your Spells              Type           Power      Damage    Failure   Level
a - Sandblast             Erth           32%        2d9       4%          1
b - Stone Arrow           Conj/Erth      22%        3d8       28%         3
c - Passwall              Erth           16%        N/A       14%         3

Your spell library contained the following spells:

 Spells                   Type           Power      Damage    Failure   Level
 Kiss of Death            Conj/Necr      16%        2d6       22%         1
 Confusing Touch          Hex            3%         N/A       63%         3
 Brom's Barrelling Bould  Conj/Erth      11%        2d3       67%         4
 Petrify                  Alch/Erth      9%         N/A       75%         4
 Dispel Undead            Necr           3%         3d7       95%         4


Dungeon Overview and Level Annotations

Branches:
Dungeon (5/15)
 Temple: D:4-7

Altars:
Trog
Yredelemnul

Shops:
D:1 (

Annotations:
D:4 Dowan


Innate Abilities, Weirdness & Mutations

You have very sharp fingernails.
You sometimes gain power by taking damage.
You are strong-willed. (Will+)
You expend magic power (3 MP) to strengthen your wands.


Message History

You block the scorpion's attack. The sleepcap misses you.
The shadow imp hits you. The scorpion barely misses you.
The sleepcap releases spores at you!
You are engulfed in a cloud of soporific spores!
You fall asleep.
The shadow imp hits you.
You wake up.
Unknown command.
The shadow imp misses you.
As you read the scroll labelled GAVVOU VIFU, it crumbles to dust.
A profound silence engulfs you.
It was a scroll of silence.
The scorpion closely misses you. The shadow imp hits you.
Magic scrolls do not work when you're silenced!
Okay, then.
You feel extremely strange.
You feel your magical essence link to the dungeon's wands.
You feel strong-willed. The scorpion misses you.
The scorpion closely misses you. The scorpion barely misses you.
The scorpion attacks as it pursues you! The scorpion stings you.
* * * LOW HITPOINT WARNING * * *
You are lethally poisoned!
The scorpion poisons you!
* * * LOW HITPOINT WARNING * * *
You feel very sick. The scorpion attacks as it pursues you!
The scorpion closely misses you.
* * * LOW HITPOINT WARNING * * *
You feel very sick.
* * * LOW HITPOINT WARNING * * *
You feel sick. The scorpion attacks as it pursues you!
You block the scorpion's attack.
* * * LOW HITPOINT WARNING * * *
You feel sick. The scorpion attacks as it pursues you! The scorpion misses you.
* * * LOW HITPOINT WARNING * * *
You feel sick. The scorpion barely misses you.
* * * LOW HITPOINT WARNING * * *
You feel sick.
* * * LOW HITPOINT WARNING * * *
You feel sick. The scorpion attacks as it pursues you!
The scorpion completely misses you.
You die...

........##.###.#
#######....#...#
####5..# #....##
##.f...##
#.......###
#..s.......
#.......##.
#########.@...##
#..............#
#..(.....[.....#
#..............#
#......##.)...##
#....<.###...##
#......# #####
#......#
#......#


You could see a sleepcap, a scorpion and a shadow imp.

Vanquished Creatures
  A black bear (D:4)
  A centaur (D:5)
  A hound (D:4)
  Natasha (thrice) (D:4)
  2 adders (D:2)
  A dart slug (D:1)
  An orc (D:4)
  2 endoplasms
  4 giant cockroaches
  6 goblins
  5 hobgoblins
  2 jackals (D:1)
  3 quokkas
  3 bats (D:1)
  A frilled lizard (D:2)
  4 kobolds
  5 rats
45 creatures vanquished.

Notes
Turn   | Place    | Note
-------+----------+-------------------------------------------
     0 | D:1      | DemonSlayer the Demonspawn Earth Elementalist began the
                  | quest for the Orb.
     0 | D:1      | Reached XP level 1. HP: 13/13 MP: 3/3
   255 | D:1      | Gained mutation: You have sharp fingernails. [demonic
                  | ancestry]
   255 | D:1      | Reached XP level 2. HP: 19/19 MP: 5/5
  1003 | D:1      | Found Kiyziotse's Antique Weapon Shop.
  1151 | D:2      | Reached XP level 3. HP: 24/24 MP: 3/6
  1169 | D:2      | Learned a level 3 spell: Stone Arrow
  1808 | D:2      | Learned a level 3 spell: Passwall
  1841 | D:3      | You fall into a shaft and drop 1 floor!
  1907 | D:4      | Noticed Natasha
  1908 | D:4      | Found a basalt altar of Yredelemnul.
  1915 | D:4      | Killed Natasha
  1916 | D:4      | Gained mutation: You sometimes gain a little power by
                  | taking damage. [demonic ancestry]
  1916 | D:4      | Reached XP level 4. HP: 30/30 MP: 3/8
  1928 | D:4      | Noticed Natasha
  1929 | D:4      | Killed Natasha
  1944 | D:4      | Noticed a black bear
  1947 | D:4      | Gained mutation: You sometimes gain power by taking damage.
                  | [demonic ancestry]
  1947 | D:4      | Reached XP level 5. HP: 36/36 MP: 2/10
  1954 | D:4      | Killed a black bear
  1999 | D:4      | Found a bloodstained altar of Trog.
  2094 | D:4      | Noticed Natasha
  2099 | D:4      | Killed Natasha
  2326 | D:4      | Noticed Dowan
  2337 | D:5      | Entered Level 5 of the Dungeon
  2339 | D:5      | Noticed a centaur
  2352 | D:5      | Killed a centaur
  2353 | D:5      | Gained mutation: You have very sharp fingernails. [demonic
                  | ancestry]
  2353 | D:5      | Reached XP level 6. HP: 29/42 MP: 1/12
  2472 | D:5      | Gained mutation: You expend magic power (3 MP) to
                  | strengthen your wands. [potion of mutation]
  2472 | D:5      | Gained mutation: You are strong-willed. (Will+) [potion of
                  | mutation]
  2483 | D:5      | HP: 2/42 [poisoned by a scorpion]
  2486 | D:5      | Succumbed to a scorpion's poison

Illustrated notes

Levels and vault maps discovered:
D:1:      sevenhm_arrival_forest_fort_small_3, layout_loops_corners,
          serial_shops, nicolae_shop_just_a_little_nook
D:2:      layout_rooms, serial_bayou, serial_bayou_pond_d, serial_bayou_ford_a,
          serial_bayou_shore_b, serial_bayou_pond_e
D:3:      layout_loops_ring, xom_confusion_cloud,
          grunt_dithmenos_smoke_and_mirrors,
          dreamdust_ecumenical_altar_angels_and_demons, minmay_hedge_maze,
          uniq_terence, uniq_jessica, uniq_sigmund
D:4:      layout_basic, trog_ov_bears_minmay, mainiacjoe_overflow_boulevard,
          uniq_natasha, uniq_duvessa
D:5:      layout_rooms

Skill      XL: |  1  2  3  4  5 |
---------------+----------------+-----
Dodging        | 2 |  2.6
Earth Magic    | 3 4 |  4.2
Spellcasting   | 3 4 |  4.2
Stealth        | 2 |  2.2
Fighting       | |  0.5
Short Blades   | |  0.3
Shields        | |  0.7
Conjurations   | |  1.0

Action                     |  1- 3 |  4- 6 || total
---------------------------+-------+-------++-------
  Melee: Dagger            |    32 |     8 ||    40
         Punch             |     1 |       ||     1
   Cast: Sandblast         |    54 |    33 ||    87
         Stone Arrow       |       |     1 ||     1
    Use: Scroll            |     4 |     2 ||     6
         Potion            |       |     3 ||     3
   Stab: Sleeping          |     4 |       ||     4
 Armour: Robe              |    37 |    33 ||    70
  Dodge: Dodged            |    41 |    43 ||    84
  Block: Buckler           |     6 |    18 ||    24
